AoeStats
← PapaHewy

Black Forest

510735316Analyzed
4v4 RM · 1d ago on Oct 2, 2026· 56m 11s· 8 players
Game mode
Random Map
Map size
Large (8 player)
Population
200
Speed
Normal
Resources
Standard
Victory
Conquest
Starting age
Dark Age
Ending age
Imperial Age
RankedLock teamsTeams togetherTeam positionsShared explorationLock speedFull tech treeHidden civsTurbo modeCheats
Victory
Defeat
🇬🇹 Khmer · Guatemala
916
+14
🇵🇷 Byzantines · Puerto Rico
885
+15
🇩🇪 Persians · Germany
875
+16
🇺🇸 Bohemians · United States
841
+17
🇫🇷 Teutons · France
982
-20
🇦🇺 Britons · Australia
900
-17
🇨🇳 Burgundians · China
803
-13
🇧🇷 Khmer · Brazil
781
-12
daebak
10:22 Feudal Age
11:51 Double-Bit Axe
14:01 Horse Collar
17:35 Castle Age
20:32 Heavy Plow
20:47 Bow Saw
23:18 Caravan
30:44 Imperial Age
29:39 Ballistics
29:34 Scale Barding Armor
29:29 Scale Mail Armor
29:30 Padded Archer Armor
31:20 Wagenburg Tactics
32:52 Chemistry
32:10 Leather Archer Armor
32:16 Chain Barding Armor
34:58 Two-Man Saw
34:29 Conscription
33:30 Elite Hussite Wagon
34:15 Houfnice
49:33 Fletching
50:13 Ring Archer Armor
49:54 Forging
49:59 Chain Mail Armor
yamir0000
0:29 Loom
13:28 Feudal Age
14:24 Double-Bit Axe
18:17 Wheelbarrow
18:14 Stone Mining
20:45 Castle Age
19:00 Horse Collar
19:17 Gold Mining
19:25 Stone Mining
23:00 Husbandry
23:13 Scale Barding Armor
24:24 Bow Saw
29:38 Fletching
33:20 Caravan
35:40 Hand Cart
38:58 Imperial Age
36:35 Greek Fire
37:06 Forging
37:17 Chain Barding Armor
36:58 Padded Archer Armor
37:12 Pikeman
37:53 Squires
37:39 Arson
39:02 Iron Casting
38:30 Bodkin Arrow
41:36 Halberdier
44:00 Conscription
Muerto de Hambre
12:22 Feudal Age
17:14 Castle Age
15:30 Double-Bit Axe
16:58 Loom
17:10 Fishing Lines
19:06 Horse Collar
24:46 Heavy Plow
25:21 Bow Saw
27:49 Imperial Age
27:34 Wheelbarrow
29:18 Fervor
30:11 Hand Cart
29:54 Gold Mining
31:32 Gold Shaft Mining
30:48 Stone Mining
33:37 Heavy Scorpion
36:45 Stone Shaft Mining
36:47 Crop Rotation
36:40 Siege Engineers
36:55 Ballistics
37:35 Chemistry
40:25 Bloodlines
40:15 Husbandry
39:36 Light Cavalry
40:39 Hussar
46:25 Forging
46:20 Scale Barding Armor
50:58 Double Crossbow
51:18 Conscription
nosound
0:32 Loom
11:54 Feudal Age
12:44 Double-Bit Axe
14:05 Town Watch
14:18 Horse Collar
16:21 Wheelbarrow
15:38 Gold Mining
15:44 Stone Mining
23:12 Castle Age
23:47 Forging
23:37 Scale Mail Armor
23:45 Scale Barding Armor
25:53 Iron Casting
28:27 Bow Saw
28:24 Heavy Plow
30:53 Hand Cart
34:02 Gold Shaft Mining
34:27 Stone Shaft Mining
34:47 Town Patrol
37:56 Kamandaran
39:17 Caravan
39:47 Coinage
39:43 Chain Mail Armor
40:53 Chain Barding Armor
43:17 Imperial Age
43:12 Husbandry
43:10 Elite War Elephant
44:58 Blast Furnace
44:24 Citadels
45:02 Crop Rotation
45:48 Two-Man Saw
45:35 Coinage
45:15 Guilds
46:21 Conscription
45:31 Sappers
46:37 Hoardings
46:39 Cavalier
47:33 Onager
47:51 Elite Skirmisher
49:50 Fletching
51:40 Banking
51:33 Bodkin Arrow
53:25 Plate Mail Armor
53:31 Plate Barding Armor
54:12 Savar
55:54 Padded Archer Armor
55:56 Heated Shot
56:26 Ballistics
57:07 Chemistry
Will Rossi
11:01 Feudal Age
17:17 Castle Age
15:51 Horse Collar
16:06 Double-Bit Axe
16:14 Gold Mining
16:47 Stone Mining
21:14 Bow Saw
21:55 Heavy Plow
26:32 Loom
27:51 Wheelbarrow
32:50 Imperial Age
33:13 Onager
35:07 Crop Rotation
35:19 Gold Shaft Mining
35:21 Stone Shaft Mining
34:56 Elite Ballista Elephant
35:40 Double Crossbow
35:35 Heated Shot
36:51 Chemistry
36:12 Ballistics
39:06 Husbandry
39:17 Bloodlines
39:19 Forging
39:17 Scale Barding Armor
hans
0:33 Loom
12:55 Feudal Age
13:52 Horse Collar
15:44 Double-Bit Axe
19:07 Castle Age
22:11 Heavy Plow
25:13 Bow Saw
26:38 Bloodlines
32:02 Imperial Age
29:59 Scale Barding Armor
33:36 Ballistics
34:17 Chemistry
33:32 Onager
34:23 Town Watch
35:23 Conscription
35:01 Cavalier
36:29 Forging
36:40 Chain Barding Armor
38:03 Iron Casting
38:36 Siege Engineers
40:27 Ironclad
41:59 Paladin
46:56 Blast Furnace
47:33 Caravan
PapaHewy
10:23 Feudal Age
11:01 Double-Bit Axe
11:02 Horse Collar
19:36 Castle Age
19:06 Fletching
21:04 Bodkin Arrow
20:42 Crossbowman
24:00 Gold Mining
24:24 Bow Saw
31:55 Wheelbarrow
31:45 Ballistics
34:29 Imperial Age
34:17 Hand Cart
34:52 Town Watch
35:27 Onager
35:30 Arbalester
36:34 Yeomen
36:35 Conscription
37:25 Chemistry
36:29 Bracer
36:31 Scale Mail Armor
36:42 Forging
37:14 Pikeman
37:55 Squires
39:13 Elite Longbowman
43:35 Murder Holes
45:06 Halberdier
47:16 Chain Mail Armor
47:37 Iron Casting
50:07 Gambesons
50:07 Arson
hayate kokoa
0:28 Loom
14:01 Feudal Age
19:24 Castle Age
17:38 Double-Bit Axe
20:20 Horse Collar
24:29 Stone Mining
25:27 Gold Mining
27:04 Heavy Plow
34:41 Imperial Age
32:46 Wheelbarrow
31:57 Town Watch
32:28 Bow Saw
32:44 Forging
32:40 Scale Barding Armor
32:43 Husbandry
33:55 Stone Shaft Mining
33:55 Gold Shaft Mining
34:10 Hand Cart
34:01 Arson
34:16 Squires
33:37 Pikeman
33:54 Light Cavalry
35:14 Sanctity
36:24 Chemistry
35:35 Fortified Wall
36:02 Burgundian Vineyards
35:51 Cavalier
37:25 Chain Barding Armor
37:05 Cavalier
38:49 Plate Barding Armor
38:16 Padded Archer Armor
39:43 Iron Casting
39:32 Paladin
40:43 Guilds
40:29 Pikeman
40:35 Hussar
41:26 Caravan
43:23 Blast Furnace
42:39 Leather Archer Armor
45:19 Halberdier
48:09 Scale Mail Armor
Connection lost

Rejoining the realm…

Still unreachable

The connection could not be restored.

Session expired

The server has moved on; the page needs a fresh start.